 Dungeon Crawl Stone Soup version 0.29.0-5-ge4962eb29e (webtiles) character file.

Game seed: 7563743397977934701

9 Arcadio the Charlatan (level 2, 0/23 HPs)
             Began as a Draconian Artificer on Aug 29, 2022.
             Slain by a ball python (2 damage)
             ... on level 1 of the Dungeon.
             The game lasted 00:01:34 (411 turns).

Arcadio the Charlatan (Draconian Artificer)          Turns: 411, Time: 00:01:35

Health: 0/23       AC:  4    Str: 12 (14) XL:     2   Next: 3%
Magic:  2/2        EV:  9    Int:  9 (11) God:
Gold:   5          SH:  0    Dex:  9 (11) Spells: 1/1 levels left

rFire   . . .      SeeInvis .   g - +0 whip
rCold   . . .      Faith    .   (no shield)
rNeg    . . .      Spirit   .   (body armour unavailable)
rPois   .          Reflect  .   (helmet restricted)
rElec   .          Harm     .   (no cloak)
rCorr   .          Rampage  .   (no gloves)
Will    .....                   (no boots)
Stlth   +.........              (no amulet)
HPRegen 0.07/turn               (no ring)
MPRegen 0.08/turn               (no ring)

@: constricted
A: AC +4, unfitting armour, cold-blooded
a: no special abilities


You were on level 1 of the Dungeon.
You visited 1 branch of the dungeon, and saw 1 of its levels.

You collected 5 gold pieces.

Inventory:

Hand Weapons
 a - a +0 club
 g - a +0 whip (weapon)
Wands
 b - a wand of flame (15) (quivered)
 c - a wand of charming (15)
 d - a wand of iceblast (5)
Scrolls
 h - a scroll of identify {unknown}
 i - a scroll of teleportation {unknown}
 j - a scroll of poison {unknown}
 k - a scroll of fog {unknown}


   Skills:
 + Level 1.5 Fighting
 + Level 2.3 Dodging
 - Level 0.8 Stealth
 + Level 3.2 Evocations


You had one spell level left.
You didn't know any spells.
Your spell library was empty.

Dungeon Overview and Level Annotations

Branches:
Dungeon (1/15) Zot: 5580

Altars:


Innate Abilities, Weirdness & Mutations

Your plain brown scales are hard. (AC +4)
You cannot fit into any form of body armour.
You are cold-blooded and may be slowed by cold attacks.


Message History

The ball python is severely wounded.
The ball python bites you but does no damage.
The ball python grabs you. The ball python constricts you.
The ball python bites you.
* * * LOW HITPOINT WARNING * * *
The ball python constricts you.
You closely miss the ball python. The ball python barely misses you.
The ball python constricts you.
You hit the ball python.
The ball python is severely wounded.
The ball python closely misses you. The ball python constricts you.
* * * LOW HITPOINT WARNING * * *
You barely miss the ball python.
The ball python is severely wounded.
The ball python bites you.
* * * LOW HITPOINT WARNING * * *
The ball python constricts you. The ball python barely misses you.
The ball python constricts you.
* * * LOW HITPOINT WARNING * * *
You escape the ball python's grasp.
The ball python hisses angrily.
You hear a bark! x2
A jackal comes into view.
The jackal moves out of view.
A jackal comes into view.
The jackal barks!
A jackal comes into view.
As you read the scroll labelled HESEK BEMMAI, it crumbles to dust.
The creatures around you are filled with an inner flame!
It was a scroll of immolation.
The ball python bites you but does no damage.
The ball python grabs you. The ball python constricts you.
* * * LOW HITPOINT WARNING * * *
It was a potion of degeneration.
There was something very wrong with that liquid.
You feel weakened.
You feel dopey.
You feel clumsy.
The ball python bites you but does no damage.
The ball python constricts you.
It was a potion of cancellation.
You feel magically purged. The ball python bites you.
You die...

.............###.#########.......
#..............>.^.....####.....#
####......#...##.#####....##..#.†
##....####...g..# ####.....#..
##..## ####h#.### ###......
#....# #h#.hS## #..##.. #.##.#
#h###.h# #..##.. #. .# #S#
##.#####..##.. .. #@#
#.h.)....#### # #S# ###..###.#
#h# ##......# #.h #..#..### .#.
#S.###...# . .....## .#.# . .....
#.$S ........ .. .......


You could see 5 jackals, a hobgoblin and 2 ball pythons.

Vanquished Creatures
  2 endoplasms (D:1)
  A goblin (D:1)
  A hobgoblin (D:1)
  A jackal (D:1)
  A bat (D:1)
  A kobold (D:1)
  A rat (D:1)
8 creatures vanquished.

Notes
Turn   | Place    | Note
-------+----------+-------------------------------------------
     0 | D:1      | Arcadio the Draconian Artificer began the quest for the
                  | Orb.
     0 | D:1      | Reached XP level 1. HP: 16/16 MP: 1/1
   401 | D:1      | Reached XP level 2. HP: 7/23 MP: 2/2
   411 | D:1      | Slain by a ball python

Illustrated notes

Levels and vault maps discovered:
D:1:      sevenhm_arrival_forest_fort_small_6, layout_rooms

Action                   || total
-------------------------++-------
Melee: Whip              ||    24
       Club              ||    12
       Tailslap          ||     4
       Punch             ||     1
  Use: Potion            ||     2
       Scroll            ||     1
 Stab: Sleeping          ||     1
Armor: Skin              ||    17
Dodge: Dodged            ||    34
